% Time on Ice - RENO LIONS
Lines # - Real PCT - Wanted PCT - Time Play
Normal Forward
1 - 36% - 36% - 17:29
2 - 33% - 31% - 16:02
3 - 22% - 23% - 10:37
4 - 8% - 10% - 3:58
Normal Defense
1 - 32% - 36% - 15:37
2 - 34% - 31% - 16:09
3 - 27% - 23% - 12:46
4 - 7% - 10% - 3:34
PP Forward
1 - 44% - 55% - 1:45
2 - 56% - 45% - 2:13
PP Defense
1 - 63% - 55% - 2:31
2 - 37% - 45% - 1:27
PK Forward
1 - 51% - 55% - 4:03
2 - 49% - 45% - 3:53
PK Defense
1 - 35% - 55% - 2:46
2 - 65% - 45% - 5:10
PK3 Forward
1 - 0% - 55%
2 - 0% - 45%
PK3 Defense
1 - 0% - 55%
2 - 0% - 45%
44 Forward
1 - 0% - 55%
2 - 0% - 45%
44 Defense
1 - 0% - 55%
2 - 0% - 45%
Last Minute Offensive  - 0:00
Last Minute Defensive  - 0:00
Total
Forward - 60:00
Defense - 60:00
% Time on Ice - SAN JOSE BRONCOS
Lines # - Real PCT - Wanted PCT - Time Play
Normal Forward
1 - 25% - 25% - 11:58
2 - 25% - 25% - 11:52
3 - 26% - 25% - 12:26
4 - 25% - 25% - 11:50
Normal Defense
1 - 22% - 25% - 10:28
2 - 29% - 25% - 13:53
3 - 29% - 25% - 14:07
4 - 20% - 25% - 9:38
PP Forward
1 - 56% - 50% - 4:25
2 - 44% - 50% - 3:31
PP Defense
1 - 52% - 50% - 4:06
2 - 48% - 50% - 3:50
PK Forward
1 - 55% - 50% - 2:10
2 - 45% - 50% - 1:48
PK Defense
1 - 55% - 50% - 2:10
2 - 45% - 50% - 1:48
PK3 Forward
1 - 0% - 50%
2 - 0% - 50%
PK3 Defense
1 - 0% - 50%
2 - 0% - 50%
44 Forward
1 - 0% - 50%
2 - 0% - 50%
44 Defense
1 - 0% - 50%
2 - 0% - 50%
Last Minute Offensive  - 0:00
Last Minute Defensive  - 0:00
Total
Forward - 60:00
Defense - 60:00
Play-by-Play 1st period 0:01 of 1st period - Pierre-Luc Dubois wins face-off versus Tyson Jost in neutral zone. 0:12 of 1st period - Jaccob Slavin is hit by Elias Pettersson. 0:25 of 1st period - Icing by Jaccob Slavin. 0:26 of 1st period - Nick Bjugstad wins face-off versus Tyson Jost in SAN JOSE BRONCOS zone. 0:27 of 1st period - Shot by Dylan Strome. 0:27 of 1st period - Shot Misses the Net. 0:30 of 1st period - Icing by Jesper Bratt. 0:31 of 1st period - Nicholas Ritchie wins face-off versus Tyson Jost in SAN JOSE BRONCOS zone. 0:44 of 1st period - Shot by Juuso Valimaki. 0:44 of 1st period - Shot Blocked by Jaccob Slavin. 0:51 of 1st period - Icing by Neal Pionk. 0:52 of 1st period - Nick Bjugstad wins face-off versus Tyson Jost in SAN JOSE BRONCOS zone. 1:18 of 1st period - Icing by Neal Pionk. 1:19 of 1st period - Tyson Jost wins face-off versus Trent Frederic in SAN JOSE BRONCOS zone. 1:54 of 1st period - Shot by Andreas Johnsson. 1:54 of 1st period - Stopped by Garrett Metcalf with a rebound. 2:20 of 1st period - Shot by Kirill Kaprizov. 2:20 of 1st period - Shot Misses the Net. 2:22 of 1st period - Shot by Kirill Kaprizov. 2:22 of 1st period - Goal by Kirill Kaprizov - RENO LIONS : 1 - SAN JOSE BRONCOS : 0. 2:23 of 1st period - Brayden Point wins face-off versus Nick Bjugstad in neutral zone. 3:06 of 1st period - Shot by Dylan Strome. 3:06 of 1st period - Shot Misses the Net. 3:08 of 1st period - Shot by Nick Bjugstad. 3:08 of 1st period - Goal by Nick Bjugstad - RENO LIONS : 2 - SAN JOSE BRONCOS : 0. 3:09 of 1st period - Pierre-Luc Dubois wins face-off versus Samuel Fagemo in neutral zone. 3:14 of 1st period - Shot by Pierre-Luc Dubois. 3:14 of 1st period - Shot Misses the Net. 3:16 of 1st period - Shot by Trevor van Riemsdyk. 3:16 of 1st period - Shot Blocked by Jaccob Slavin. 3:21 of 1st period - Minor Penalty to Carl Grundstrom for Hooking. 3:22 of 1st period - Dylan Strome wins face-off versus Anthony Richard in SAN JOSE BRONCOS zone. 5:13 of 1st period - Shot by Kirill Kaprizov. 5:13 of 1st period - Stopped by Garrett Metcalf with a rebound. 5:15 of 1st period - Shot by Kirill Kaprizov. 5:15 of 1st period - Shot Blocked by Adam Pelech. 5:17 of 1st period - Shot by Kirill Kaprizov. 5:17 of 1st period - Deflect By Elias Pettersson. 5:17 of 1st period - Stopped by Garrett Metcalf without a rebound. 5:18 of 1st period - Anthony Richard wins face-off versus Max Domi in SAN JOSE BRONCOS zone. 6:10 of 1st period - Shot by Elias Pettersson. 6:10 of 1st period - Goal by Elias Pettersson - RENO LIONS : 3 - SAN JOSE BRONCOS : 0. 6:11 of 1st period - Nick Bjugstad wins face-off versus Samuel Fagemo in neutral zone. 6:29 of 1st period - Shot by Nick Bjugstad. 6:29 of 1st period - Shot Misses the Net. 6:31 of 1st period - Shot by Mattias Samuelsson. 6:31 of 1st period - Stopped by Garrett Metcalf without a rebound. 6:32 of 1st period - Kirill Kaprizov wins face-off versus Tyson Jost in SAN JOSE BRONCOS zone. 7:09 of 1st period - Shot by Pierre-Luc Dubois. 7:09 of 1st period - Stopped by Garrett Metcalf without a rebound. 7:10 of 1st period - Trent Frederic wins face-off versus Samuel Fagemo in SAN JOSE BRONCOS zone. 7:13 of 1st period - Shot by Justin Schultz. 7:13 of 1st period - Stopped by Garrett Metcalf without a rebound. 7:14 of 1st period - Samuel Fagemo wins face-off versus Trent Frederic in SAN JOSE BRONCOS zone. 7:23 of 1st period - Patrick Brown is hit by Brett Leason and loses puck. 8:31 of 1st period - Shot by Elias Pettersson. 8:31 of 1st period - Shot Hit the Post. 8:33 of 1st period - Shot by Elias Pettersson. 8:33 of 1st period - Shot Misses the Net. 8:41 of 1st period - Shot by Pierre-Luc Dubois. 8:41 of 1st period - Stopped by Garrett Metcalf without a rebound. 8:42 of 1st period - Cole Caufield wins face-off versus Nick Bjugstad in SAN JOSE BRONCOS zone. 8:54 of 1st period - Shot by Cole Caufield. 8:54 of 1st period - Shot Blocked by Juuso Valimaki. 8:56 of 1st period - Shot by Timothy Liljegren. 8:56 of 1st period - Stopped by Stuart Skinner without a rebound. 8:57 of 1st period - Pierre-Luc Dubois wins face-off versus Tyson Jost in RENO LIONS zone. 9:41 of 1st period - Shot by Kirill Kaprizov. 9:41 of 1st period - Stopped by Garrett Metcalf with a rebound. 10:01 of 1st period - Nick Bjugstad is hit by Carl Grundstrom and loses puck. 10:21 of 1st period - Shot by Neal Pionk. 10:21 of 1st period - Shot Misses the Net. 10:58 of 1st period - Off-side. 10:59 of 1st period - Trent Frederic wins face-off versus Anthony Richard in neutral zone. 11:16 of 1st period - Shot by Cole Caufield. 11:16 of 1st period - Shot Misses the Net. 11:25 of 1st period - Shot by Justin Schultz. 11:25 of 1st period - Shot Misses the Net. 11:46 of 1st period - Icing by Justin Schultz. 11:47 of 1st period - Trent Frederic wins face-off versus Brayden Point in RENO LIONS zone. 11:47 of 1st period - Trent Frederic is hit by Jesse Puljujarvi. 11:52 of 1st period - Patrick Brown is hit by Jesse Puljujarvi and loses puck. 12:05 of 1st period - Pierre-Luc Dubois is hit by Jesse Puljujarvi and loses puck. 12:19 of 1st period - Shot by Jesse Puljujarvi. 12:19 of 1st period - Shot Misses the Net. 12:21 of 1st period - Shot by Jesse Puljujarvi. 12:21 of 1st period - Shot Blocked by Trevor van Riemsdyk. 12:23 of 1st period - Shot by Neal Pionk. 12:23 of 1st period - Shot Blocked by Trevor van Riemsdyk. 12:45 of 1st period - Shot by Carl Grundstrom. 12:45 of 1st period - Shot Blocked by Trevor van Riemsdyk. 13:24 of 1st period - Minor Penalty to Jesper Bratt for Tripping. 13:25 of 1st period - Tyson Jost wins face-off versus Max Domi in SAN JOSE BRONCOS zone. 13:30 of 1st period - Justin Schultz is hit by Jesse Puljujarvi and loses puck. 14:21 of 1st period - Off-side. 14:22 of 1st period - Anthony Richard wins face-off versus Dylan Strome in neutral zone. 15:57 of 1st period - Minor Penalty to Trent Frederic for Holding Stick. 15:58 of 1st period - Nick Bjugstad wins face-off versus Brayden Point in RENO LIONS zone. 16:59 of 1st period - Shot by Oliver Bjorkstrand. 16:59 of 1st period - Shot Blocked by Juuso Valimaki. 17:47 of 1st period - Shot by Brayden Point. 17:47 of 1st period - Stopped by Stuart Skinner without a rebound. 17:48 of 1st period - Nick Bjugstad wins face-off versus Jonathan Gruden in RENO LIONS zone. 18:26 of 1st period - Shot by Trent Frederic. 18:26 of 1st period - Stopped by Garrett Metcalf without a rebound. 18:27 of 1st period - Nick Bjugstad wins face-off versus Anthony Richard in SAN JOSE BRONCOS zone. 18:27 of 1st period - Max Domi is hit by Neal Pionk. 18:33 of 1st period - Dylan Strome is hit by Oliver Bjorkstrand and loses puck. 18:41 of 1st period - Cole Caufield is hit by Mattias Samuelsson and loses puck. 19:03 of 1st period - Shot by Neal Pionk. 19:03 of 1st period - Stopped by Stuart Skinner without a rebound. 19:04 of 1st period - Pierre-Luc Dubois wins face-off versus Brayden Point in RENO LIONS zone. 19:51 of 1st period - Shot by Elias Pettersson. 19:51 of 1st period - Stopped by Garrett Metcalf with a rebound. Goals for this period are 3 for RENO LIONS vs 0 for SAN JOSE BRONCOS. Shots for this period are 13 for RENO LIONS vs 3 for SAN JOSE BRONCOS. 2nd period 0:01 of 2nd period - Dylan Strome wins face-off versus Anthony Richard in neutral zone. 0:37 of 2nd period - Off-side. 0:38 of 2nd period - Pierre-Luc Dubois wins face-off versus Brayden Point in neutral zone. 1:23 of 2nd period - Timothy Liljegren is hit by Kirill Kaprizov and loses puck. 2:08 of 2nd period - Icing by Jake Bean. 2:09 of 2nd period - Nick Bjugstad wins face-off versus Brayden Point in SAN JOSE BRONCOS zone. 2:12 of 2nd period - Shot by Dylan Strome. 2:12 of 2nd period - Stopped by Garrett Metcalf without a rebound. 2:13 of 2nd period - Brett Leason wins face-off versus Nick Bjugstad in SAN JOSE BRONCOS zone. 2:33 of 2nd period - Max Domi is hit by Carl Grundstrom. 2:44 of 2nd period - Off-side. 2:45 of 2nd period - Anthony Richard wins face-off versus Kirill Kaprizov in neutral zone. 2:50 of 2nd period - Pierre-Luc Dubois is hit by Anthony Richard and loses puck. 3:00 of 2nd period - Icing by Juuso Valimaki. 3:01 of 2nd period - Pierre-Luc Dubois wins face-off versus Jesper Bratt in RENO LIONS zone. 3:33 of 2nd period - Icing by Tyson Jost. 3:34 of 2nd period - Nick Bjugstad wins face-off versus Tyson Jost in SAN JOSE BRONCOS zone. 3:43 of 2nd period - Icing by Dylan Strome. 3:44 of 2nd period - Nick Bjugstad wins face-off versus Cole Caufield in RENO LIONS zone. 5:10 of 2nd period - Shot by Jaccob Slavin. 5:10 of 2nd period - Shot Misses the Net. 5:51 of 2nd period - Jesper Bratt is hit by Justin Schultz and loses puck. 6:00 of 2nd period - Shot by Jesper Bratt. 6:00 of 2nd period - Stopped by Stuart Skinner without a rebound. 6:00 of 2nd period - Minor Penalty to Justin Schultz for Interference. 6:01 of 2nd period - Nick Bjugstad wins face-off versus Brayden Point in RENO LIONS zo